 Dungeon Crawl Stone Soup version 0.27-a0-633-gc6addc0a40 (webtiles) character file.

Game seed: 18226593411766851894

30 jasper the Sneak (level 3, -11/16 HPs)
             Began as a Spriggan Enchanter on Mar 13, 2021.
             Mangled by an ogre
             ... wielding a +0 giant club
              (27 damage)
             ... on level 4 of the Dungeon.
             The game lasted 00:02:40 (1783 turns).

jasper the Sneak (Spriggan Enchanter)               Turns: 1783, Time: 00:02:41

Health: -11/16     AC:  2    Str:  4    XL:     3   Next: 5%
Magic:  8/8        EV: 17    Int: 17    God:
Gold:   50         SH:  0    Dex: 15    Spells: 2/8 levels left

rFire    . . .     SeeInvis +   a - +1 dagger
rCold    . . .     Faith    .   (shield restricted)
rNeg     . . .     Spirit   .   b - +0 robe
rPois    .         Reflect  .   (helmet restricted)
rElec    .         Harm     .   (no cloak)
rCorr    .         Rampage  .   (gloves unavailable)
Will     .....                  (boots unavailable)
Stlth    +++.......             (no amulet)
HPRegen  0.05/turn              (no ring)
MPRegen  0.11/turn              (no ring)

@: very quick
A: very small, no large weapons, unfitting armour, see invisible, speed 3
a: no special abilities


You were on level 4 of the Dungeon.
You visited 1 branch of the dungeon, and saw 4 of its levels.

You collected 50 gold pieces.

Inventory:

Hand Weapons
 a - a +1 dagger (weapon)
Missiles
 d - 2 boomerangs (quivered)
Armour
 b - a +0 robe (worn)
Scrolls
 c - 4 scrolls of teleportation {unknown}
 g - 2 scrolls of amnesia {unknown}
Potions
 e - a potion of attraction {unknown}
 f - a potion of lignification {unknown}
 h - a potion of haste {unknown}
 i - a potion of might {unknown}
 j - a potion of brilliance {unknown}
 k - a potion of mutation {unknown}


   Skills:
 - Level 1.1 Short Blades
 + Level 3.1 Dodging
 * Level 5.2 Stealth
 - Level 3.0 Spellcasting
 - Level 4.0 Hexes
 * Level 0.4 Ice Magic


You had 2 spell levels left.
You knew the following spells:

 Your Spells              Type           Power      Damage    Failure   Level
a - Corona                Hex            17%        N/A       3%          1
b - Ensorcelled Hibernat  Hex/Ice        20%        N/A       11%         2
c - Confusing Touch       Hex            16%        N/A       10%         3

Your spell library contained the following spells:

 Spells                   Type           Power      Damage    Failure   Level
 Tukima's Dance           Hex            16%        N/A       10%         3
 Dazzling Flash           Conj/Hex       18%        N/A       22%         3


Dungeon Overview and Level Annotations

Branches:
Dungeon (4/15)
 Temple: D:4-7

Altars:

Annotations:
D:2 Sigmund


Innate Abilities, Weirdness & Mutations

You are very small and have problems with some larger weapons.
You are too small for most types of armour.
You have supernaturally acute eyesight. (SInv)
You cover ground extremely quickly. (Speed+++)


Message History

Aiming: Ensorcelled Hibernation (safe; 11% risk of failure)
Press: ? - help, Shift-Dir - straight line, f - goblin
Aim: a goblin, wielding a +0 club (chance to affect: 59%)
The goblin looks drowsy...
You now have 6/8 mp.
The helpless goblin fails to defend itself.
You impale the goblin!!
You kill the goblin!
You start resting.
Magic restored.
MP restored: 8 Throw: 2 boomerangs
Press: ? - help, Q - select action, (/) - cycle Shift-Dir - straight line, f - you Really target yourself?
Okay, then.
j - a sedimented ruby potion You see here a +0 club.
There is a stone staircase leading down here.
Found 14 stones.
You see here 14 stones.
An ice beast comes into view.
You see here 14 stones.
There is a stone staircase leading down here.
You climb downwards.
Found a hunting sling.
Found a stone staircase leading up.
There is a stone staircase leading up here.
There is a stone staircase leading up here.
g - 2 scrolls labelled XYAN ZITAIDU (gained 1)
k - a viscous red potion
c - 4 scrolls labelled MIOK CUMMAO (gained 1)
Found a stone staircase leading down.
Okay, then.
An ogre comes into view. It is wielding a +0 giant club.
Found a scroll labelled DUSTRAI QEMES.
The helpless ogre fails to defend itself.
You impale the ogre!!
The ogre is severely wounded.
The ogre hits you with a +0 giant club!!
Ouch! That really hurt!
You die...

#.......# #.#####.#
.# #.# #.#
##.##)######.# #.#
## #...#.....<.<#
#.# .
#.......###### #.#
# #.#...## # #.#
...##.#.#### .. #..
#.......@.# ... ##.
#.##....#O.......
###.
#.##..#.####.....
#...
.....#..........
#.#.
###.#####.#########
#.#.
#...#...##>.....#
#.#. #
#.#.###.......#
#.## #...#
#..####.# #.##
###.###..#...^#
#...


You could see an ogre.

Vanquished Creatures
  An orc (D:3)
  A ball python (D:1)
  7 goblins
  3 hobgoblins
  A quokka (D:3)
  7 bats
  4 frilled lizards
  2 rats (D:1)
26 creatures vanquished.

Notes
Turn   | Place    | Note
-------+----------+-------------------------------------------
     0 | D:1      | jasper the Spriggan Enchanter began the quest for the Orb.
     0 | D:1      | Reached XP level 1. HP: 9/9 MP: 5/5
   466 | D:1      | Reached XP level 2. HP: 11/13 MP: 6/6
   472 | D:1      | Learned a level 2 spell: Ensorcelled Hibernation
  1058 | D:2      | Reached skill level 5 in Stealth
  1132 | D:2      | Noticed Sigmund
  1525 | D:3      | Reached XP level 3. HP: 16/16 MP: 5/8
  1529 | D:3      | Learned a level 3 spell: Confusing Touch
  1644 | D:3      | Noticed an ice beast
  1781 | D:4      | Noticed an ogre
  1783 | D:4      | Mangled by an ogre

Illustrated notes

Levels and vault maps discovered:
D:1:      ncdulo_watergridlock, layout_loops_ring
D:2:      layout_rooms, marbit_many_paths, cheibriados_altar_2, st_stairs_8,
          uniq_sigmund
D:3:      layout_loops_ring
D:4:      layout_loops_cross, overflow_temple_1_default, kennysheep_mini

Skill      XL: |  1  2 |
---------------+-------+-----
Stealth        | 5 |  5.2
Hexes          | 4 |  4.0
Dodging        | 3 |  3.1
Spellcasting   | 3 |  3.0
Short Blades   | |  1.1
Ice Magic      | |  0.4

Action                   || total
-------------------------++-------
Melee: Dagger            ||    59
Throw: Boomerang         ||    36
 Cast: Ensorcelled Hiber ||    15
 Stab: Sleeping          ||    12
Armor: Robe              ||    10
Dodge: Dodged            ||    53

Table legend: (Time is in decaauts)
 A = Elapsed time spent in this place.
 B = Non-inter-level travel time spent in this place.
 C = Inter-level travel time spent in this place.
 D = Time resting spent in this place.
 E = Time spent auto-exploring this place.
 F = Levels seen in this place.
 G = Mean time per level.
                   A        B        C        D        E       F      G
               +--------+--------+--------+--------+--------+-----+--------+
         Total |   1413 |   1383 |     30 |    166 |    974 |   4 |  353.2 |
       Dungeon |   1413 |   1383 |     30 |    166 |    974 |   4 |  353.2 |
               +--------+--------+--------+--------+--------+-----+--------+

Top non-repeatable levels by time:
     D:1: 813 daAuts
     D:3: 458 daAuts
     D:2: 81 daAuts
     D:4: 60 daAuts
